AoeStats
← Papaya_Banana91

Pilgrims

509707044Analyzed
2v2 RM · 5d ago on Sep 27, 2026· 27m 18s· 4 players
Game mode
Random Map
Map size
Medium (4 player)
Population
200
Speed
Normal
Resources
Standard
Victory
Conquest
Starting age
Dark Age
Ending age
Imperial Age
RankedLock teamsTeams togetherTeam positionsShared explorationLock speedFull tech treeHidden civsTurbo modeCheats
Victory
Defeat
🇩🇪 Persians · Germany
912
+16
🇩🇪 Armenians · Germany
890
+17
🇺🇸 Bohemians · United States
1000
-63
🇬🇧 Vikings · United Kingdom
837
-36
Papaya_Banana91
4:57 Loom
11:40 Feudal Age
13:04 Double-Bit Axe
13:00 Horse Collar
14:27 Man-at-Arms
14:53 Arson
16:27 Scale Mail Armor
16:15 Long Swordsman
18:14 Forging
26:45 Castle Age
26:55 Two-Handed Swordsman
27:38 Squires
27:24 Gambesons
27:57 Chain Mail Armor
Walls vs Zombies 2009
1:41 Loom
denis12d
11:27 Feudal Age
12:23 Double-Bit Axe
13:57 Arson
14:34 Horse Collar
22:06 Wheelbarrow
julixc1986
15:14 Feudal Age
16:40 Double-Bit Axe
16:39 Horse Collar
23:47 Forging
25:10 Scale Mail Armor
Connection lost

Rejoining the realm…

Still unreachable

The connection could not be restored.

Session expired

The server has moved on; the page needs a fresh start.